 Dungeon Crawl Stone Soup version 0.18.1-8-gdd0e5ea (webtiles) character file.

34 Esekla the Vexing (level 3, 0/27 HPs)
             Began as a Formicid Enchanter on May 22, 2016.
             Slain by a gnoll
             ... wielding a +0 spear
              (6 damage)
             ... on level 2 of the Dungeon.
             The game lasted 00:20:59 (1132 turns).

Esekla the Vexing (Formicid Enchanter)              Turns: 1132, Time: 00:20:59

Health: 0/27       AC:  3    Str: 12    XL:     3   Next: 50%
Magic:  5/6        EV: 12    Int: 15    God:
Gold:   78         SH:  0    Dex: 11    Spells: 1 memorised, 5 levels left

rFire  x . .     SeeInvis +     a - +1 dagger
rCold  + . .     Gourm    .     b - +1 robe
rNeg   . . .     Faith    .     (no shield)
rPois  .         Spirit   .     (helmet unavailable)
rElec  .         Dismiss  .     (no cloak)
rCorr  .         Reflect  .     (no gloves)
SustAt .         Harm     .     (no boots)
MR     .....                    (no amulet)
Stlth  ++........               (no ring)
                                e - ring of ice

@: lethally poisoned (0 -> -5), not resistant to hostile enchantments,
unstealthy
A: permanent stasis, dig shafts and tunnels, four strong arms, antennae 3
a: Dig, Shaft Self


You were on level 2 of the Dungeon.
You were hungry.

You visited 1 branch of the dungeon, and saw 2 of its levels.

You collected 78 gold pieces.

Inventory:

Hand Weapons
 a - a +1 dagger (weapon)
 g - a +0 dagger
 i - a +0 dagger
 k - a +0 dagger
 m - a +0 short sword
 o - a +0 dagger
 s - a +0 rapier
Missiles
 j - 74 stones (quivered)
Armour
 b - a +1 robe (worn)
 n - a +0 cloak
 t - a +0 pair of boots
Jewellery
 e - a ring of ice (left hand)
Scrolls
 f - 2 scrolls of immolation {unknown}
 h - a scroll of noise {unknown}
 q - 2 scrolls of amnesia {unknown}
 r - a scroll of identify {unknown}
Potions
 l - a potion of degeneration {unknown}
 p - a potion of haste {unknown}
Books
 c - a book of Maledictions

   Spells                             Type                      Level
   a - Corona                         Hexes                        1
   b - Ensorcelled Hibernation        Hexes/Ice                    2
   c - Confuse                        Hexes                        3
   d - Tukima's Dance                 Hexes                        3
   e - Dazzling Spray                 Conjuration/Hexes            3
Comestibles
 d - a bread ration


   Skills:
 + Level 2.1 Fighting
 + Level 1.3 Short Blades
 + Level 2.4 Dodging
 - Level 3.6 Stealth
 - Level 2.1 Spellcasting
 - Level 3.6 Hexes


You had 5 spell levels left.
You knew the following spells:

 Your Spells              Type           Power        Failure   Level  Hunger
a - Corona                Hex            ##.....      6%          1    #......


Dungeon Overview and Level Annotations

Branches:
Dungeon (2/15)

Altars:


Innate Abilities, Weirdness & Mutations

You are under a permanent stasis effect.
You can dig through walls and to a lower floor.
Your four strong arms can wield two-handed weapons with a shield.
You have a pair of large antennae on your head (SInv).


Message History

The gnoll hits you from afar with a spear.
You feel sick.
You hit the adder.
The adder is heavily wounded.
The adder bites you. The gnoll barely misses you.
You closely miss the adder.
The adder is heavily wounded.
You feel sick. The adder bites you but does no damage.
The adder barely misses you.
You barely miss the adder.
The adder is heavily wounded.
The gnoll hits you from afar with a spear.
* * * LOW HITPOINT WARNING * * *
The adder bites you but does no damage.
You hit the adder.
The adder is almost dead.
* * * LOW HITPOINT WARNING * * *
You feel sick.
The adder stops glowing.
The gnoll hits you from afar with a spear.
You die...

#...#...#.#
####.#'#.
#..###..#.#
#.#.##
#...#...#.#
#.#...
#.......#
#.####
#.......#
#####'####
####'####
#.........
#..#
##.........
##.#
#..........
#@#
#..........
#S#
#..........
#g##
#.######...
#..# #.#
#... ##.#
#.# ####
########.#.#
#.#
...g.......#
#.#
....{...#..#
#.#
........#..#
#+#


You could see a gnoll and an adder.

Vanquished Creatures
  An ooze (D:1)
  A giant gecko (D:2)
  2 bats (D:1)
  A giant cockroach (D:1)
  4 goblins (D:1)
  6 hobgoblins
  5 kobolds
  5 rats
25 creatures vanquished.

Notes
Turn   | Place    | Note
--------------------------------------------------------------
     0 | D:1      | Esekla the Formicid Enchanter began the quest for the Orb.
     0 | D:1      | Reached XP level 1. HP: 13/13 MP: 3/3
    82 | D:1      | Reached skill level 1 in Fighting
   106 | D:1      | Reached XP level 2. HP: 21/21 MP: 5/5
   608 | D:1      | Reached XP level 3. HP: 14/27 MP: 6/6
  1132 | D:2      | Slain by a gnoll

Skill      XL: |  1  2 |
---------------+-------+-----
Fighting       | 1 2 |  2.1
Dodging        | 2 |  2.4
Short Blades   | |  1.3
Stealth        | |  3.6
Spellcasting   | |  2.1
Hexes          | |  3.6

Action                   || total
-------------------------++-------
Melee: Dagger            ||    87
Throw: Stone             ||     3
 Cast: Corona            ||     5
 Stab: Sleeping          ||     7
Armor: Robe              ||    13
Dodge: Dodged            ||    43
